 Dungeon Crawl Stone Soup version 0.26.1-11-gd32895ea62 (webtiles) character file.

Game seed: 14607512807746195459

121 buriedalive the Insei (level 5, -1/33 HPs)
             Began as an Octopode Transmuter on June 25, 2021.
             Slain by a goblin (4 damage)
             ... on level 3 of the Dungeon.
             The game lasted 00:04:07 (2754 turns).

buriedalive the Insei (Octopode Transmuter)         Turns: 2754, Time: 00:04:08

Health: -1/33      AC:  1    Str: 11    XL:     5   Next: 5%
Magic:  8/8        EV: 14    Int: 15    God:
Gold:   97         SH:  0    Dex: 12    Spells: 5/8 levels left

rFire    . . .     SeeInvis .     - Unarmed
rCold    . . .     Faith    .   (no shield)
rNeg     . . .     Spirit   .   (helmet restricted)
rPois    .         Reflect  .   (no amulet)
rElec    .         Harm     .   d - ring of flight
rCorr    .         Rampage  .   (no ring)
Will     .....                  (no ring)
Stlth    ++........             (no ring)
HPRegen  0.11/turn              (no ring)
MPRegen  0.11/turn              (no ring)
                                (no ring)
                                (no ring)

@: no status effects
A: almost no armour, stealthy swim, amphibious, 8 rings, constrict 8, camouflage
1, gelatinous body 1
a: Evoke Flight


You were on level 3 of the Dungeon.
You visited 1 branch of the dungeon, and saw 3 of its levels.

You collected 97 gold pieces.

Inventory:

Missiles
 g - 54 stones
Jewellery
 d - a ring of flight (left tentacle)
Scrolls
 c - a scroll of blinking
 i - 3 scrolls of identify
 k - 2 scrolls of enchant armour {unknown}
 l - a scroll of immolation
Potions
 a - a potion of mutation {unknown}
 b - 2 potions of attraction {unknown}
 f - a potion of degeneration {unknown}
 h - a potion of lignification {unknown}


   Skills:
 - Level 1.0 Fighting
 + Level 3.3 Dodging
 + Level 4.0 Unarmed Combat
 - Level 2.0 Spellcasting
 + Level 3.2 Transmutations


You had 5 spell levels left.
You knew the following spells:

 Your Spells              Type           Power        Failure   Level
a - Beastly Appendage     Tmut           22%          6%          1
b - Wereblood             Tmut           11%          9%          2

Your spell library contained the following spells:

 Spells                   Type           Power        Failure   Level
 Spider Form              Tmut/Pois      3%           34%         3
 Ice Form                 Ice/Tmut       6%           75%         4
 Blade Hands              Tmut           5%           85%         5


Dungeon Overview and Level Annotations

Branches:
Dungeon (3/15)

Altars:
Uskayaw
Yredelemnul


Innate Abilities, Weirdness & Mutations

You cannot wear most types of armour.
You are very stealthy in the water. (Stealth+)
You are amphibious.
You can wear up to eight rings at the same time.
You can use your tentacles to constrict eight enemies at once.
Your skin changes colour to match your surroundings (Stealth+).
Your rubbery body absorbs attacks. (AC +1, EV +1)


Message History

You tentacle-slap the centaur skeleton but do no damage.
You squeeze the centaur skeleton.
You destroy the centaur skeleton!
Your Unarmed Combat skill increases to level 4!
You have reached level 5!
You feel stronger.
You barely miss the goblin. Your grab misses the goblin.
The goblin hits you but does no damage.
You closely miss the goblin. Your grab misses the goblin.
The goblin closely misses you.
You tentacle-slap the goblin. Your grab misses the goblin.
Your squeeze misses the goblin.
The goblin is moderately wounded.
The goblin hits you.
* * * LOW HITPOINT WARNING * * *
You tentacle-slap the goblin but do no damage.
Your grab misses the goblin.
The goblin is moderately wounded.
The goblin hits you.
You die...

.####§###§§..
##... <.#.## #
##.# .... ..... #
... ....# .. #?..
... . ##.##..# #.#
#..##...#(.#####.#
.......g#........#
#.....@!.># #.#
##########.# #.#
...........# #†#
## ##########.#
##.## .# #.# #...#
#..
#.####.#.###...
##.##...#...#...
#.....#####.....
#.###..>#...#.##


You could see a goblin.

Vanquished Creatures
  A centaur skeleton (D:3)
  Terence (D:2)
  2 adders (D:2)
  A worm (D:3)
  A leopard gecko (D:3)
  A giant cockroach (D:2)
  3 goblins (D:1)
  6 hobgoblins
  5 kobolds
  2 quokkas
  2 ball pythons
  9 bats
  4 frilled lizards
  11 rats
49 creatures vanquished.

Notes
Turn   | Place    | Note
-------+----------+-------------------------------------------
     0 | D:1      | buriedalive the Octopode Transmuter began the quest for the
                  | Orb.
     0 | D:1      | Reached XP level 1. HP: 13/13 MP: 3/3
   246 | D:1      | Reached XP level 2. HP: 17/18 MP: 5/5
   947 | D:2      | Reached XP level 3. HP: 21/23 MP: 4/6
  1022 | D:2      | Found a basalt altar of Yredelemnul.
  1282 | D:2      | Noticed Terence
  1290 | D:2      | Killed Terence
  1291 | D:2      | Reached XP level 4. HP: 28/28 MP: 5/7
  1302 | D:2      | Learned a level 2 spell: Wereblood
  2538 | D:3      | Noticed a +0 dagger
  2538 | D:3      | Noticed a +0 hand axe
  2570 | D:3      | Found a hide-covered altar of Uskayaw.
  2751 | D:3      | Reached skill level 4 in Unarmed Combat
  2751 | D:3      | Reached XP level 5. HP: 6/33 MP: 8/8
  2754 | D:3      | Slain by a goblin

Illustrated notes

Levels and vault maps discovered:
D:1:      matt_arrival_grand_opening, layout_rooms
D:2:      layout_basic, lemuel_doored_altar, uniq_terence
D:3:      minmay_door_path, layout_loops_ring, tgw_trog,
          dancing_weapons_uskayaw, lemuel_crystal_altar, gup_sewer_entry_bowl

Skill      XL: |  1  2  3  4 |
---------------+-------------+-----
Dodging        | 3 |  3.3
Transmutations | 3 |  3.2
Unarmed Combat | 4 |  4.0
Fighting       | |  1.0
Spellcasting   | |  2.0

Action                   |  1- 3 |  4- 6 || total
-------------------------+-------+-------++-------
Melee: Unarmed           |    63 |    50 ||   113
       Constrict         |    13 |     7 ||    20
       Tentacles         |     7 |    12 ||    19
       Kick              |     8 |     3 ||    11
       Punch             |     1 |     2 ||     3
 Cast: Beastly Appendage |     9 |     2 ||    11
       Wereblood         |       |     3 ||     3
  Use: Scroll            |       |     5 ||     5
 Stab: Sleeping          |     4 |     2 ||     6
Armor: Skin              |     6 |     5 ||    11
Dodge: Dodged            |    41 |    29 ||    70
